 Dungeon Crawl Stone Soup version 0.21-a0-509-gecc5317 (webtiles) character file.

56 BingusPrime the Charmwright (level 3, -3/28 HPs)
             Began as a Barachi Skald on Nov 30, 2017.
             Was an Initiate of Makhleb.
             Slain by an orc
             ... wielding a +0 mace
              (9 damage)
             ... on level 2 of the Dungeon.
             The game lasted 00:10:20 (1965 turns).

BingusPrime the Charmwright (Barachi Skald)         Turns: 1965, Time: 00:10:21

Health: -3/28      AC:  3    Str: 12    XL:     3   Next: 97%
Magic:  2/6        EV: 12    Int: 13    God:    Makhleb [......]
Gold:   116        SH:  0    Dex: 12    Spells: 1/7 levels left

rFire    . . .     SeeInvis .   a - +0 falchion
rCold    . . .     Gourm    .   (no shield)
rNeg     . . .     Faith    .   b - +0 leather armour
rPois    .         Spirit   .   (no helmet)
rElec    .         Reflect  .   (no cloak)
rCorr    .         Harm     .   (no gloves)
MR       +....                  (no boots)
Stlth    +.........             (no amulet)
HPRegen  0.09/turn              h - ring of protection from magic
MPRegen  0.10/turn              (no ring)

@: shrouded, slow
A: +LOS, swims, slowness 1, strong legs 1
a: Hop, Renounce Religion


You were on level 2 of the Dungeon.
You worshipped Makhleb.
Makhleb was noncommittal.
You were hungry.

You visited 1 branch of the dungeon, and saw 3 of its levels.

You collected 116 gold pieces.

Inventory:

Hand Weapons
 a - a +0 falchion (weapon)
 l - a cursed -2 quarterstaff
Armour
 b - a +0 leather armour (worn)
Jewellery
 h - a ring of protection from magic (left hand)
Scrolls
 f - 2 scrolls of remove curse {unknown}
 m - a scroll of identify
Potions
 e - 2 potions of curing
 i - 3 potions of agility {unknown}
 k - a potion of brilliance {unknown}
 n - a potion of lignification {unknown}
Books
 c - a book of Battle

   Spells                             Type                      Level
   a - Infusion                       Charms                       1
   b - Shroud of Golubria             Charms/Translocation         2
   c - Song of Slaying                Charms                       2
   d - Spectral Weapon                Hexes/Charms                 3
   e - Regeneration                   Charms/Necromancy            3
Comestibles
 d - a bread ration
 g - a royal jelly


   Skills:
 + Level 2.6 Fighting
 + Level 3.1 Long Blades
 - Level 1.8 Armour
 + Level 2.6 Dodging
 + Level 2.6 Spellcasting
 * Level 3.9 Charms


You had one spell level left.
You knew the following spells:

 Your Spells              Type           Power        Failure   Level  Hunger
a - Infusion              Chrm           ##..         6%          1    #......
b - Shroud of Golubria    Chrm/Tloc      #.........   21%         2    ###....
c - Regeneration          Chrm/Necr      #.........   38%         3    ###....


Dungeon Overview and Level Annotations

Branches:
Dungeon (3/15)

Altars:
Makhleb


Innate Abilities, Weirdness & Mutations

Shadows flee at your approach. (+LOS)
You can swim through water.
You cover ground slowly.
You can hop short distances.


Message History

Space distorts slightly along a thin shroud covering your body.
The orc closely misses you.
You riposte.
You hit the orc but do no damage.
The orc is almost dead.
Your shroud bends the orc's attack away.
You hit the orc but do no damage.
The orc is almost dead.
The orc hits you with a club.
Your shroud falls apart!
The orc hits you with a mace!
Casting: Shroud of Golubria
Confirm with . or Enter, or press ? or * to list all spells.
Space distorts slightly along a thin shroud covering your body.
The orc closely misses you.
Your shroud bends the orc's attack away.
You hit the orc but do no damage.
The orc is almost dead.
The orc hits you with a club.
* * * LOW HITPOINT WARNING * * *
The orc hits you with a mace!
You die...

###...........
##.............
##..#......##...
#######..##).(...#####
#........##......# ###
#.....<..######### #..
#...........########..
#.....o.###...........
#...)@..####....####..
#...o...#.......## ###
#................#
#........#.......#
#................#
#.......##.......#####
#.......##............
#.......##.......#####
#.......##.......#


You could see 2 orcs.

Vanquished Creatures
  An ooze (D:1)
  A leopard gecko (D:1)
  An orc (D:2)
  8 bats
  4 giant cockroaches
  7 goblins
  4 hobgoblins
  3 quokkas
  4 frilled lizards (D:1)
  5 kobolds
  8 rats
46 creatures vanquished.

Notes
Turn   | Place    | Note
-------+----------+-------------------------------------------
     0 | D:1      | BingusPrime the Barachi Skald began the quest for the Orb.
     0 | D:1      | Reached XP level 1. HP: 17/17 MP: 3/3
   269 | D:1      | Reached XP level 2. HP: 19/23 MP: 5/5
   273 | D:1      | Learned a level 2 spell: Shroud of Golubria
   722 | D:1      | Reached XP level 3. HP: 25/28 MP: 0/6
  1131 | D:1      | Learned a level 3 spell: Regeneration
  1257 | D:2      | Found a burning altar of Makhleb.
  1264 | D:2      | Became a worshipper of Makhleb the Destroyer
  1965 | D:2      | Slain by an orc

Vault maps used:
D:1:      dpeg_arrival_rhombus
D:2:      bloody_makhleb
D:3:      nicolae_dithmenos_shadow_blocks, saegor_snake_ambush, uniq_jessica

Skill      XL: |  1  2  3 |
---------------+----------+-----
Long Blades    | 3 |  3.1
Fighting       | |  2.6
Armour         | |  1.8
Dodging        | |  2.6
Spellcasting   | |  2.6
Charms         | |  3.9

Action                   || total
-------------------------++-------
Melee: Falchion          ||   150
 Cast: Shroud of Golubri ||    17
       Infusion          ||     1
       Regeneration      ||     1
 Abil: Hop               ||     1
  Use: Scroll            ||     1
 Stab: Sleeping          ||     2
       Distracted        ||     1
  Eat: Chunk             ||     5
Armor: Leather armour    ||    59
Dodge: Dodged            ||   132
       Rpst.: Falchion   ||    31

Table legend:
 A = Spawn XP
 B = Non-spawn XP
 C = Spawn XP percentage of total XP
 D = Spawn monster count
 E = Non-spawn monster count
 F = Spawn count percentage of total count
 G = Total turns spent on level
                    A         B        C        D         E        F      G
               +---------+---------+-------+---------+---------+-------+---------
         Total |       0 |      81 |   0.0 |       0 |      46 |   0.0 |  1965
               +---------+---------+-------+---------+---------+-------+---------
           D:1 |       0 |      53 |   0.0 |       0 |      31 |   0.0 |  1183
           D:2 |       0 |      26 |   0.0 |       0 |      14 |   0.0 |   739
           D:3 |       0 |       2 |   0.0 |       0 |       1 |   0.0 |    43
               +---------+---------+-------+---------+---------+-------+---------
